 Dungeon Crawl Stone Soup version 0.31-a0-188-g5e087ee2ca (webtiles) character file.

Game seed: 15560995919155879735

79 qw the Shooter (level 4, -12/25 HPs)
             Began as a Deep Elf Hunter on June 22, 2023.
             Killed from afar by Ijyb (22 damage)
             ... with an iceblast
             ... on level 3 of the Dungeon.
             The game lasted 00:00:45 (1616 turns).

qw the Shooter (Deep Elf Hunter)                    Turns: 1616, Time: 00:00:46

Health: -12/25     AC:  6    Str: 10    XL:     4   Next: 16%
Magic:  6/6        EV:  9    Int: 14    God:
Gold:   113        SH:  0    Dex: 24    Spells: 3/3 levels left

rFire   . . .        Y - +0 shortbow
rCold   x . .        (shield currently unavailable)
rNeg    . . .        j - +0 scale mail of Fuab {rC- Will++ Dex+6}
rPois   .            (no helmet)
rElec   .            (no cloak)
rCorr   .            (no gloves)
SInv    .            (no boots)
Will    ++...        (no amulet)
Stlth   +            (no ring)
HPRegen 0.24/turn    (no ring)
MPRegen 0.10/turn

%: no passive effects
@: no status effects
A: no striking features
a: no special abilities


You were on level 3 of the Dungeon.
You visited 1 branch of the dungeon, and saw 3 of its levels.

You collected 113 gold pieces.


   Skills:
 - Level 1.5 Fighting
 + Level 7.6 Ranged Weapons
 - Level 2.4 Dodging
 - Level 1.2 Stealth


You had 3 spell levels left.
You didn't know any spells.
Your spell library was empty.

Inventory:

Hand Weapons
 Y - a +0 shortbow (weapon)
Armour
 j - the +0 scale mail of Fuab (worn) {rC- Will++ Dex+6}
   (You took it off a goblin on level 2 of the Dungeon)

   Dex:       It affects your dexterity (+6).
   rC:        It makes you vulnerable to cold.
   Will:      It greatly increases your willpower.
Jewellery
 b - a ring of protection from cold
Scrolls
 a - a scroll of identify
 d - a scroll of fog {unknown}
 e - a scroll of teleportation
Potions
 c - a potion of brilliance {unknown}
 f - a potion of enlightenment
 i - a potion of degeneration {unknown}
 k - a potion of magic {unknown}

Dungeon Overview and Level Annotations

Branches:
Dungeon (3/15)

Altars:

Annotations:
D:3 Ijyb


Message History

Enter note: An adder and a goblin come into view.
Found a scroll of revelation.
The adder hisses angrily.
Enter note: You shoot an arrow.
The arrow completely misses the adder.
The goblin shouts!
You hear a shout!
The adder closely misses you.
You shoot an arrow. The arrow misses the adder.
The adder bites you. The adder closely misses you.
The goblin barely misses you.
You shoot an arrow. The arrow hits the adder.
The adder is lightly wounded.
The adder barely misses you. The goblin barely misses you.
The adder bites you but does no damage.
You shoot an arrow. The arrow misses the adder.
The goblin completely misses you. The adder closely misses you.
Ijyb the Twisted Goblin comes into view.
She is wielding a +0 club and carrying a wand of iceblast (9).
You shoot an arrow. The arrow hits the adder!
You kill the adder!
The goblin closely misses you. The goblin hits you but does no damage.
You shoot an arrow. The arrow hits the goblin.
The goblin is heavily wounded.
The goblin closely misses you.
You shoot an arrow.
The arrow hits the goblin but does no damage.
The goblin is heavily wounded.
Ijyb zaps a wand.
The mass of ice explodes!
The iceblast engulfs you!
You feel a painful chill!
The iceblast engulfs the goblin!
The goblin dies!
Ijyb zaps a wand.
The mass of ice explodes!
The iceblast engulfs you!
You feel a painful chill!
You hear an angry hiss. x2
You shoot an arrow. The arrow hits Ijyb but does no damage.
You shoot an arrow. The arrow hits Ijyb but does no damage.
You shoot an arrow. The arrow barely misses Ijyb.
Ijyb zaps a wand.
The mass of ice explodes!
The iceblast engulfs you!!
You feel a painful chill!
Ouch! That really hurt!
You die...

###########
#...)..[...
#..@%g.....
#...#...?..
#..## .....
#...# ....
#...# ...
#...# ..
#...# #
#...# #...#


You could see Ijyb.

Vanquished Creatures
  An adder (D:3)
  5 endoplasms
  3 giant cockroaches
  7 goblins
  3 hobgoblins
  14 jackals
  A quokka (D:1)
  6 ball pythons
  9 bats
  3 frilled lizards
  4 kobolds
  8 rats
64 creatures vanquished.

Vanquished Creatures (others)
  A goblin (D:3)
1 creature vanquished.

Grand Total: 65 creatures vanquished

Notes
Turn   | Place    | Note
-------+----------+-------------------------------------------
     0 | D:1      | qw the Deep Elf Hunter began the quest for the Orb.
     0 | D:1      | Reached XP level 1. HP: 12/12 MP: 3/3
     0 | D:1      | 0 ||| qw: Version: 0.3-a-9-g12657ce
     0 | D:1      | 0 ||| qw: Game counter: 2742
     0 | D:1      | 0 ||| qw: Always use a shield: true
     0 | D:1      | 0 ||| qw: God list: Okawaru
     0 | D:1      | 0 ||| qw: Allow faded altars: false
     0 | D:1      | 0 ||| qw: Do Orc after D:15 true
     0 | D:1      | 0 ||| qw: Do second Lair branch before Depths: true
     0 | D:1      | 0 ||| qw: Lair rune preference: random
     0 | D:1      | 0 ||| qw: Plans: Normal
     0 | D:1      | 0 ||| PLANNING D:1-11
   126 | D:1      | Reached XP level 2. HP: 13/16 MP: 4/4
   143 | D:1      | Reached skill level 6 in Ranged Weapons
   621 | D:1      | Reached XP level 3. HP: 20/20 MP: 5/5
   696 | D:1      | 696 ||| READING 3 scrolls labelled IKEZUL HAUS.
   697 | D:1      | 697 ||| READING scroll labelled VOECON ODGHO.
   698 | D:1      | 698 ||| READING scroll labelled FAUMEITRAE.
   737 | D:1      | 737 ||| READING 2 scrolls of identify.
   737 | D:1      | 737 ||| IDENTIFYING bubbling inky potion
   738 | D:1      | 738 ||| DROPPING scroll of butterflies.
   739 | D:1      | 739 ||| DROPPING potion of berserk rage.
   941 | D:2      | Reached skill level 7 in Ranged Weapons
  1261 | D:2      | Identified the +0 scale mail of Fuab {rC- Will++ Dex+6}
  1271 | D:2      | 1271 ||| FLEEEEING.
  1272 | D:2      | 1272 ||| FLEEEEING.
  1273 | D:2      | 1273 ||| FLEEEEING.
  1274 | D:2      | 1274 ||| FLEEEEING.
  1275 | D:2      | 1275 ||| FLEEEEING.
  1276 | D:2      | 1276 ||| FLEEEEING.
  1277 | D:2      | 1277 ||| FLEEEEING.
  1278 | D:2      | 1278 ||| FLEEEEING.
  1279 | D:2      | 1279 ||| FLEEEEING.
  1280 | D:2      | 1280 ||| FLEEEEING.
  1281 | D:2      | 1281 ||| FLEEEEING.
  1282 | D:2      | 1282 ||| FLEEEEING.
  1283 | D:2      | 1283 ||| FLEEEEING.
  1284 | D:2      | 1284 ||| FLEEEEING.
  1285 | D:2      | 1285 ||| FLEEEEING.
  1464 | D:2      | 1464 ||| UPGRADING to +0 ring mail.
  1474 | D:2      | 1474 ||| DROPPING +0 leather armour.
  1475 | D:2      | 1475 ||| UPGRADING to +0 scale mail of Fuab {rC- Will++
                  | Dex+6}.
  1485 | D:2      | 1485 ||| DROPPING +0 ring mail.
  1486 | D:2      | 1486 ||| READING 6 scrolls labelled XYODUCLYPH.
  1487 | D:2      | 1487 ||| READING 2 scrolls labelled JOFFEARACH.
  1492 | D:2      | 1492 ||| READING scroll labelled EGYIQY ZUPHAUQ.
  1493 | D:2      | 1493 ||| READING 3 scrolls of identify.
  1493 | D:2      | 1493 ||| IDENTIFYING fuming dark potion
  1494 | D:2      | 1494 ||| READING 2 scrolls of identify.
  1494 | D:2      | 1494 ||| IDENTIFYING puce potion
  1495 | D:2      | 1495 ||| DROPPING 5 scrolls of revelation.
  1496 | D:2      | 1496 ||| DROPPING potion of attraction.
  1565 | D:3      | Reached XP level 4. HP: 25/25 MP: 6/6
  1610 | D:3      | Noticed Ijyb
  1616 | D:3      | Killed from afar by Ijyb

Levels and vault maps discovered:
D:1:      psy_arrival_radial02, layout_basic
D:2:      layout_basic
D:3:      layout_rooms, nicolae_elyvilon_temple_path, nicolae_half_adder,
          uniq_ijyb, uniq_terence, uniq_natasha

Skill      XL: |  1  2  3 |
---------------+----------+-----
Ranged Weapons | 6 7 |  7.6
Fighting       | |  1.5
Dodging        | |  2.4
Stealth        | |  1.2

Action                     |  1- 3 |  4- 6 || total
---------------------------+-------+-------++-------
   Fire: Shortbow          |   152 |    12 ||   164
    Use: Scroll            |     9 |       ||     9
 Armour: Leather armour    |    20 |       ||    20
         Scale mail        |       |     2 ||     2
  Dodge: Dodged            |    52 |     9 ||    61

Table legend:
 A = Non-vault XP
 B = Vault XP
 C = Vault XP percentage of total XP
 D = Non-vault monster count
 E = Vault monster count
 F = Vault count percentage of total count
                 A         B        C        D         E       F
            +---------+---------+-------+---------+---------+-------
      Total |     100 |      13 |  11.5 |      64 |       1 |   1.5
            +---------+---------+-------+---------+---------+-------
        D:1 |      45 |       0 |   0.0 |      30 |       0 |   0.0
        D:2 |      45 |       0 |   0.0 |      28 |       0 |   0.0
        D:3 |      10 |      13 |  56.5 |       6 |       1 |  14.3
            +---------+---------+-------+---------+---------+-------
